 Dungeon Crawl Stone Soup version 0.16.1-2-g95b8d4c (webtiles) character file.

1937 inmateoo the Skirmisher (level 9, -1/72 HPs)
             Began as a Human Enchanter on Mar 26, 2015.
             Was a Priest of Okawaru.
             Shot with a sling bullet of flame by Joseph (11 damage)
             ... on level 7 of the Dungeon.
             The game lasted 00:10:23 (6236 turns).

inmateoo the Skirmisher (Human Enchanter)           Turns: 6236, Time: 00:10:23

Health: -1/72      AC:  4    Str: 12    XL:     9   Next: 40%
Magic:  14/14      EV: 13    Int: 15    God:    Okawaru [***...]
Gold:   254        SH:  0    Dex: 16    Spells: 1 memorised, 10 levels left

rFire  . . .     SeeInvis +     m - +0 mace (venom)
rCold  . . .     Clarity  .     e - troll hide {Purgy}
rNeg   . . .     SustAb   +     (no shield)
rPois  .         Gourm    .     (no helmet)
rElec  .         Spirit   .     t - +0 cloak
rCorr  .         Warding  .     n - +0 pair of gloves
rMut   .         Stasis   .     l - -1 pair of boots (curse)
MR     .....                    (no amulet)
Stlth  ++........               (no ring)
                                i - ring of sustain abilities

@: heavily drained, not resistant to hostile enchantments, unstealthy
A: talons 1, see invisible, agile 1, spit poison 1
a: Spit Poison, Heroism, Renounce Religion


You were on level 7 of the Dungeon.
You worshipped Okawaru.
Okawaru was most pleased with you.
You were not hungry.

You visited 1 branch of the dungeon, and saw 7 of its levels.

You collected 254 gold pieces.

Inventory:

Hand weapons
 m - a +0 mace of venom (weapon)
 A - a +1 whip of draining
Missiles
 w - 2 throwing nets (quivered)
Armour
 e - a troll hide (worn) {Purgy}
 l - a cursed -1 pair of boots (worn)
 n - a +0 pair of gloves (worn)
 o - a +0 scale mail
 t - a +0 cloak (worn)
Jewellery
 i - a ring of sustain abilities (left hand)
Magical devices
 j - a wand of flame (18)
Scrolls
 a - 2 scrolls of recharging
 k - a scroll of enchant weapon
 r - 2 scrolls of teleportation
 s - a scroll of amnesia
 y - 2 scrolls of remove curse
Potions
 p - a potion of haste
 q - a potion of restore abilities {unknown}
 z - a potion of cancellation {unknown}
Books
 c - a book of Maledictions

   Spells                             Type                      Level
   a - Corona                         Hexes                        1
   b - Sure Blade                     Hexes/Charms                 2
   c - Ensorcelled Hibernation        Hexes/Ice                    2
   d - Confuse                        Hexes                        3
   e - Dazzling Spray                 Conjuration/Hexes            3
   f - Enslavement                    Hexes                        4
 g - a book of the Earth

   Spells                             Type                      Level
   a - Leda's Liquefaction            Hexes/Earth                  4
   b - Bolt of Magma                  Conjuration/Fire/Earth       5
   c - Statue Form                    Transmutation/Earth          6
   d - Iron Shot                      Conjuration/Earth            6
   e - Shatter                        Earth                        9
Comestibles
 b - 11 fruits
 d - 3 bread rations
 f - a meat ration
 x - a beef jerky


   Skills:
 + Level 7.0(5.7) Fighting
   Level 1.0(0.0) Short Blades
 * Level 6.6(5.3) Maces & Flails
 - Level 3.8(2.6) Armour
 + Level 5.0(3.7) Dodging
 - Level 3.0(1.8) Stealth
 - Level 2.0(0.8) Spellcasting
 - Level 3.0(1.8) Hexes


You had 10 spell levels left.
You knew the following spells:

 Your Spells              Type           Power        Failure   Level  Hunger
a - Sure Blade            Hex/Chrm       #.........   34%         2    ###....


Dungeon Overview and Level Annotations

Branches:
Dungeon (7/15)             Temple (0/1) D:6

Altars:
Fedhas
Gozag
Kikubaaqudgha
Makhleb
Okawaru
Zin

Annotations:
D:7 Joseph


Innate Abilities, Weirdness & Mutations

You have sharp toenails.
You have supernaturally acute eyesight.
You are agile. (Dex +2)
You can spit poison.


Message History

You hit Joseph but do no damage.
Joseph is moderately wounded.
Joseph hits you with an uncursed enchanted quarterstaff.
You hit Joseph!
Joseph is moderately wounded.
Joseph hits you with an uncursed enchanted quarterstaff!
* * * LOW HITPOINT WARNING * * *
You are too injured to fight recklessly!
Joseph unwields an uncursed enchanted quarterstaff.
Joseph wields an uncursed enchanted hunting sling.
Joseph shoots a sling bullet of flame.
The sling bullet of flame hits you!
* * * LOW HITPOINT WARNING * * *
The sling bullet of flame burns you.
* * * LOW HITPOINT WARNING * * *
You see here a sling bullet of flame.
Unknown command.
Unknown command.
Joseph says, "It's nothing personal, but I have to kill you."
Joseph shoots a sling bullet of flame.
The sling bullet of flame hits you!
You die...

... #.# #.# #.#
#.# #.# #.# ###
#.# ... #@#
######## .. #.#
#......# #.#.##(##
#.####.#
#....@(.###.# #.#
###.....(##.####.#
#.#.........##.#
...##.####.#.##.#
### #.#
#.#.##.#### #.#
#.#.......#


You could see Joseph.

Vanquished Creatures
  A two-headed ogre (D:4)
  Purgy (D:3)
  A sky beast (D:6)
  2 centaurs
  Sigmund (D:3)
  3 giant frogs (D:6)
  2 scorpions
  4 wights (D:6)
  A giant frog zombie (D:5)
  A goliath beetle (D:6)
  5 hounds
  A centaur zombie (D:6)
  3 orc wizards
  Crazy Yiuf (D:5)
  2 giant frog skeletons
  An iguana (D:5)
  A gnoll shaman (D:5)
  An orc priest (D:3)
  3 worker ants
  Terence (D:2)
  7 adders
  9 gnolls
  A worm (D:5)
  A giant mite (D:7)
  2 shadow imps
  2 orc zombies (D:6)
  5 giant geckos
  An ooze (D:4)
  13 orcs
  3 ball pythons
  2 bat skeletons
  4 giant cockroaches
  8 hobgoblins
  4 jackals (D:6)
  12 kobolds
  3 quokkas
  11 bats
  2 giant newts
  A giant spore (D:6)
  12 goblins
  9 rats
  A ballistomycete (D:6)
  A fungus (D:5)
150 creatures vanquished.

Notes
Turn   | Place    | Note
--------------------------------------------------------------
     0 | D:1      | inmateoo, the Human Enchanter, began the quest for the Orb.
     0 | D:1      | Reached XP level 1. HP: 13/13 MP: 3/3
    52 | D:1      | Reached skill level 1 in Fighting
   103 | D:1      | Reached XP level 2. HP: 11/21 MP: 4/4
   577 | D:1      | Reached XP level 3. HP: 26/28 MP: 6/6
  1443 | D:2      | Noticed Terence
  1504 | D:2      | Killed Terence
  1504 | D:2      | Reached XP level 4. HP: 28/35 MP: 7/7
  1730 | D:3      | Reached skill level 1 in Armour
  1837 | D:3      | Found an opulent altar of Gozag.
  1840 | D:3      | Noticed Purgy
  1865 | D:3      | Killed Purgy
  1865 | D:3      | Reached skill level 4 in Fighting
  1865 | D:3      | Reached XP level 5. HP: 7/42 MP: 9/9
  2126 | D:3      | Found an iron altar of Okawaru.
  2126 | D:3      | Noticed Sigmund
  2134 | D:3      | Became a worshipper of Warmaster Okawaru
  2235 | D:3      | Found a glowing silver altar of Zin.
  2241 | D:3      | Reached XP level 6. HP: 46/49 MP: 10/10
  2274 | D:3      | Killed Sigmund
  2750 | D:3      | Learned a level 2 spell: Sure Blade
  2807 | D:4      | Reached skill level 5 in Fighting
  2904 | D:4      | Reached XP level 7. HP: 52/56 MP: 12/12
  2914 | D:4      | Acquired Okawaru's first power
  2950 | D:4      | Found a burning altar of Makhleb.
  3049 | D:4      | Noticed a two-headed ogre
  3087 | D:4      | Killed a two-headed ogre
  3977 | D:5      | Entered Level 5 of the Dungeon
  3998 | D:5      | Found a blossoming altar of Fedhas.
  4015 | D:5      | Reached XP level 8. HP: 17/64 MP: 13/13
  4437 | D:5      | Reached skill level 6 in Fighting
  4889 | D:5      | Noticed Crazy Yiuf
  4895 | D:5      | Killed Crazy Yiuf
  4975 | D:6      | Found a staircase to the Ecumenical Temple.
  5065 | D:6      | Reached skill level 5 in Maces & Flails
  5156 | D:6      | Reached XP level 9. HP: 27/71 MP: 14/14
  5722 | D:6      | Gained mutation: You have supernaturally acute eyesight. [mutagenic meat]
  5723 | D:6      | Gained mutation: You can spit poison. [mutagenic meat]
  5724 | D:6      | Gained mutation: You have sharp toenails. [mutagenic meat]
  5725 | D:6      | Gained mutation: You are agile. (Dex +2) [potion of beneficial mutation]
  5883 | D:6      | Found an ancient bone altar of Kikubaaqudgha.
  5903 | D:6      | Reached skill level 7 in Fighting
  5996 | D:6      | Reached skill level 5 in Dodging
  6220 | D:7      | Noticed Joseph
  6236 | D:7      | Shot with a sling bullet of flame by Joseph

Action                   |  1- 3 |  4- 6 |  7- 9 || total
-------------------------+-------+-------+-------++-------
Melee: Dagger            |    77 |       |       ||    77
       Mace              |     3 |   126 |   413 ||   542
       Whip              |       |       |     3 ||     3
Evoke: Wand              |       |       |     2 ||     2
  Use: Scroll            |     3 |     6 |     3 ||    12
       Potion            |       |     3 |     1 ||     4
 Stab: Sleeping          |     4 |     1 |     9 ||    14
  Eat: Chunk             |       |     7 |    15 ||    22
       Pizza             |       |       |     1 ||     1
